 Dungeon Crawl Stone Soup version 0.17.1-3-g152610e (webtiles) character file.

4951 Peloso the Blocker (level 10, -7/88 HPs)
             Began as a Minotaur Fighter on Apr 21, 2016.
             Was an Initiate of Okawaru.
             Killed from afar by a raiju (14 damage)
             ... with a living lightning
             ... on level 1 of the Abyss.
             The game lasted 00:21:45 (6830 turns).

Peloso the Blocker (Minotaur Fighter)               Turns: 6830, Time: 00:21:45

Health: -7/88      AC: 18    Str: 23    XL:     10   Next: 28%
Magic:  9/9        EV:  8    Int:  5    God:    Okawaru [......]
Gold:   409        SH: 12    Dex: 13    Spells: 0 memorised, 9 levels left

rFire  + . .     SeeInvis +     a - +0 long sword
rCold  . . .     Clarity  .     t - +0 plate armour
rNeg   . . .     SustAt   .     c - +0 shield
rPois  .         Gourm    .     h - +1 hat {SInv}
rElec  .         Spirit   .     f - +0 cloak
rCorr  .         Warding  .     u - +0 pair of gloves
rMut   +         Stasis   .     (no boots)
MR     .....                    z - amulet of resist mutation
Stlth  ..........               L - ring of protection from fire
                                E - +2 ring of strength

@: non-regenerating, diseased, not resistant to hostile enchantments, extremely
unstealthy
A: retaliatory headbutt, horns 2
a: Renounce Religion


You were on level 1 of the Abyss.
You worshipped Okawaru.
Okawaru was noncommittal.
You were not hungry.

You visited 2 branches of the dungeon, and saw 9 of its levels.
You visited the Abyss 1 time.

You collected 409 gold pieces.

Inventory:

Hand Weapons
 a - a +0 long sword (weapon)
Armour
 c - a +0 shield (worn)
 f - a +0 cloak (worn)
 h - a +1 hat of see invisible (worn)
 l - a +0 chain mail
 t - a +0 plate armour (worn)
 u - a +0 pair of gloves (worn)
Jewellery
 z - an amulet of resist mutation (around neck)
 E - a +2 ring of strength (left hand)
 G - a +5 ring of evasion
 L - a ring of protection from fire (right hand)
Wands
 m - a wand of confusion (17)
Scrolls
 g - 2 scrolls of teleportation
 i - a scroll of identify
 k - 4 scrolls of magic mapping
 n - 4 scrolls of remove curse
 r - a scroll of random uselessness {unknown}
 x - 5 scrolls of fog {unknown}
 y - a scroll of noise {unknown}
 B - 3 scrolls of enchant armour {unknown}
 F - a scroll of fear {unknown}
 J - a scroll of immolation {unknown}
 K - a scroll of silence {unknown}
 N - 2 scrolls of recharging {unknown}
 O - a scroll of amnesia {unknown}
Potions
 d - 2 potions of might
 j - 6 potions of curing
 o - a potion of agility
 q - 3 potions of magic
 s - a potion of invisibility
 v - a potion of flight
 C - a potion of cure mutation
 H - a potion of heal wounds
Books
 w - a book of the Earth

   Spells                             Type                      Level
   a - Leda's Liquefaction            Hexes/Earth                  4
   b - Bolt of Magma                  Conjuration/Fire/Earth       5
   c - Statue Form                    Transmutation/Earth          6
   d - Iron Shot                      Conjuration/Earth            6
   e - Shatter                        Earth                        9
Comestibles
 b - a slice of pizza
 e - 6 bread rations
 D - a beef jerky
 I - 2 meat rations


   Skills:
 + Level 7.6 Fighting
 + Level 9.0 Long Blades
 + Level 9.3 Armour
 + Level 4.3 Dodging
 + Level 0.5 Stealth
 + Level 11.1 Shields


You had 9 spell levels left.
You didn't know any spells.

Dungeon Overview and Level Annotations

Branches:
Dungeon (8/15)             Temple (1/1) D:6
   Lair: D:8-11

Altars:
Ashenzari
Cheibriados
Dithmenos
Elyvilon
Fedhas
Gozag
Makhleb
Nemelex Xobeh
Okawaru
Qazlal
Ru
Sif Muna
Trog
Vehumet
Xom
Yredelemnul
Zin
The Shining One

Shops:
D:5 *

Annotations:
D:8 Psyche


Innate Abilities, Weirdness & Mutations

You reflexively headbutt those who attack you in melee.
You have a pair of horns on your head.


Message History

A hellwing and an ancient zyme come into view.
The hellwing gives a chilling moan.
You feel yourself growing ill in the presence of the ancient zyme.
The raiju bursts into living lightning!
The living lightning hits you!
* * * LOW HITPOINT WARNING * * *
The raiju blinks!
The raiju looks sick.
You feel a little less mighty now.
The raiju bursts into living lightning!
The living lightning misses you.
The raiju blinks!
You feel ill.
You hit the raiju. Your headbutt misses the raiju.
The raiju is lightly wounded.
The raiju bites you but does no damage. The ancient zyme hits you!
* * * LOW HITPOINT WARNING * * *
The ancient zyme barely misses you.
You closely miss the raiju.
The raiju is lightly wounded.
The raiju bursts into living lightning!
The living lightning hits you!
You die...

. # ..#. .....
.....#######
...........##
......4h....#
......x@.#. #####
.......#...#....ยง#
............##....
............###. .
........#..#.##..#
...........#..# ..
...........#..# ..
.....#########....
.. #...#


You could see an ancient zyme, a hellwing and a raiju.

Vanquished Creatures
  A tentacled starspawn (Abyss:1)
  The ghost of Starve the Cudgeler, a novice OpIE of Jiyva (D:8)
  A hill giant (D:7)
  Joseph (D:7)
  Grinder (D:4)
  A phantom (D:5)
  4 ogres
  An orc warrior (D:6)
  A small abomination (Abyss:1)
  A giant frog (D:7)
  Blork the orc (D:4)
  3 centaurs
  2 scorpions
  7 hounds
  4 crimson imps
  A jelly (D:6)
  2 worker ants
  A centaur skeleton (D:7)
  6 orc wizards
  A worker ant zombie (D:4)
  Robin (D:2)
  3 gnolls (D:5)
  8 adders
  A shadow imp (D:7)
  A white imp (Abyss:1)
  2 oozes
  3 adder skeletons
  A worm (D:2)
  7 giant geckos
  20 orcs
  2 ball pythons
  7 giant cockroaches
  18 goblins
  16 hobgoblins
  13 jackals
  9 kobolds
  4 quokkas
  12 bats
  A giant gecko zombie (D:7)
  6 giant newts
  8 rats
184 creatures vanquished.

Vanquished Creatures (others)
  2 starspawn tentacles (Abyss:1)
  9 starspawn tentacle segments (Abyss:1)
11 creatures vanquished.

Grand Total: 195 creatures vanquished

Notes
Turn   | Place    | Note
--------------------------------------------------------------
     0 | D:1      | Peloso the Minotaur Fighter began the quest for the Orb.
     0 | D:1      | Reached XP level 1. HP: 19/19 MP: 0/0
    35 | D:1      | Reached XP level 2. HP: 21/27 MP: 1/1
   171 | D:2      | Found a bloodstained altar of Trog.
   183 | D:2      | Reached skill level 4 in Armour
   275 | D:3      | Reached XP level 3. HP: 30/33 MP: 2/2
   398 | D:3      | Found a white marble altar of Elyvilon.
   515 | D:3      | Reached skill level 1 in Dodging
   596 | D:3      | Reached XP level 4. HP: 38/40 MP: 3/3
  1063 | D:3      | Reached XP level 5. HP: 46/46 MP: 4/4
  1150 | D:3      | Found a shimmering altar of Xom.
  1296 | D:2      | Found a radiant altar of Vehumet.
  1436 | D:2      | Noticed Robin
  1446 | D:2      | Killed Robin
  1568 | D:2      | Found an opulent altar of Gozag.
  2261 | D:3      | Reached skill level 5 in Shields
  2322 | D:4      | Found a snail-covered altar of Cheibriados.
  2323 | D:4      | Found a glowing golden altar of the Shining One.
  2366 | D:4      | Reached XP level 6. HP: 53/53 MP: 5/5
  2380 | D:4      | Reached skill level 5 in Armour
  2383 | D:4      | Noticed Blork the orc
  2392 | D:4      | Killed Blork the orc
  2858 | D:4      | Noticed Grinder
  2867 | D:4      | Paralysed by Grinder for 3 turns
  2881 | D:4      | Paralysed by Grinder for 4 turns
  2899 | D:4      | Killed Grinder
  2899 | D:4      | Reached skill level 6 in Shields
  2899 | D:4      | Reached XP level 7. HP: 47/60 MP: 6/6
  2973 | D:4      | Reached skill level 5 in Long Blades
  3403 | D:5      | Entered Level 5 of the Dungeon
  3488 | D:5      | Found Nuxke's Elemental Accessories.
  3674 | D:5      | Reached skill level 5 in Fighting
  3674 | D:5      | Reached skill level 7 in Shields
  3951 | D:5      | Reached XP level 8. HP: 55/68 MP: 7/7
  4143 | D:5      | Found a glowing silver altar of Zin.
  4143 | D:5      | Noticed an angel
  4394 | D:6      | Found a staircase to the Ecumenical Temple.
  4505 | Temple   | Entered the Ecumenical Temple
  4807 | D:6      | Reached skill level 8 in Shields
  5305 | D:7      | Noticed Joseph
  5323 | D:7      | Killed Joseph
  5323 | D:7      | Reached XP level 9. HP: 67/75 MP: 8/8
  5459 | D:7      | Reached skill level 9 in Shields
  5518 | D:7      | Noticed a hill giant
  5531 | D:7      | Killed a hill giant
  5755 | D:7      | Found an iron altar of Okawaru.
  5767 | D:7      | Became a worshipper of Warmaster Okawaru
  6127 | D:8      | Noticed Starve's ghost (novice OpIE)
  6143 | D:8      | Killed Starve's ghost
  6143 | D:8      | Reached skill level 10 in Shields
  6593 | D:8      | Found a blossoming altar of Fedhas.
  6594 | D:8      | Found a deep blue altar of Sif Muna.
  6684 | D:8      | Noticed Psyche
  6691 | D:8      | Cast into the Abyss (Psyche)
  6733 | Abyss:1  | Noticed a tentacled starspawn
  6774 | Abyss:1  | Killed a tentacled starspawn
  6774 | Abyss:1  | Reached skill level 11 in Shields
  6774 | Abyss:1  | Reached XP level 10. HP: 27/88 MP: 9/9
  6830 | Abyss:1  | Killed from afar by a raiju

Action                   |  1- 3 |  4- 6 |  7- 9 | 10-12 || total
-------------------------+-------+-------+-------+-------++-------
Melee: Long sword        |    60 |   231 |   343 |     6 ||   640
Evoke: Wand              |       |     1 |       |       ||     1
  Use: Potion            |       |     1 |     1 |       ||     2
       Scroll            |       |       |    10 |       ||    10
  Eat: Chunk             |       |     6 |    12 |       ||    18
       Beef jerky        |       |       |     1 |       ||     1
